AoeStats
← Oldspice

MegaRandom

508755676Analyzed
3v3 RM · 9d ago on Sep 23, 2026· 38m 34s· 6 players
Game mode
Random Map
Map size
Normal (6 player)
Population
200
Speed
Normal
Resources
Standard
Victory
Conquest
Starting age
Dark Age
Ending age
Imperial Age
RankedLock teamsTeams togetherTeam positionsShared explorationLock speedFull tech treeHidden civsTurbo modeCheats
Victory
Defeat
🇺🇸 Celts · United States
1532
+12
🇺🇸 Burmese · United States
1502
+13
🇺🇸 Byzantines · United States
1456
+16
🇦🇺 Teutons · Australia
1478
-15
🇺🇸 Huns · United States
1455
-14
🇭🇰 Dravidians · Hong Kong SAR China
1401
-12
Gesius
8:41 Feudal Age
8:20 Loom
9:27 Double-Bit Axe
11:54 Forging
14:47 Horse Collar
18:51 Castle Age
17:05 Horse Collar
17:54 Gold Mining
19:21 Scale Barding Armor
20:15 Bloodlines
23:23 Husbandry
25:53 Iron Casting
25:40 Chain Barding Armor
29:18 Iron Casting
What's your ETA?
6:43 Loom
10:14 Feudal Age
11:01 Double-Bit Axe
18:40 Castle Age
17:03 Fletching
17:14 Padded Archer Armor
17:43 Horse Collar
20:08 Bow Saw
28:26 Wheelbarrow
27:54 Heavy Plow
32:40 Hand Cart
32:19 Gold Mining
36:33 Imperial Age
36:01 Scale Mail Armor
36:12 Forging
37:13 Chain Mail Armor
39:17 Conscription
39:35 Iron Casting
gil
9:17 Loom
11:29 Feudal Age
15:19 Castle Age
Boomer
7:17 Loom
10:12 Feudal Age
15:39 Castle Age
25:19 Town Watch
27:25 Fletching
29:37 Wheelbarrow
29:18 Horse Collar
31:02 Heavy Plow
31:12 Padded Archer Armor
31:47 Husbandry
32:05 Bodkin Arrow
33:44 Hand Cart
34:39 Scale Barding Armor
34:45 Forging
34:53 Manipur Cavalry
35:05 Gold Mining
36:44 Chain Barding Armor
36:59 Iron Casting
40:01 Imperial Age
TheHairlessBear
10:28 Feudal Age
10:27 Loom
11:34 Double-Bit Axe
16:31 Castle Age
17:32 Bow Saw
17:32 Horse Collar
21:59 Fletching
22:49 Elite Skirmisher
27:40 Gold Mining
31:53 Pikeman
37:08 Imperial Age
35:13 Forging
35:03 Scale Mail Armor
36:33 Wheelbarrow
36:47 Bodkin Arrow
Oldspice
7:39 Loom
10:09 Feudal Age
16:36 Castle Age
14:43 Double-Bit Axe
15:42 Horse Collar
24:22 Wheelbarrow
25:14 Scale Barding Armor
25:57 Husbandry
27:11 Forging
30:50 Chain Barding Armor
31:44 Iron Casting
38:29 Imperial Age
38:03 Hand Cart
38:26 Gold Mining
38:26 Stone Mining
Connection lost

Rejoining the realm…

Still unreachable

The connection could not be restored.

Session expired

The server has moved on; the page needs a fresh start.